 Dungeon Crawl Stone Soup version 0.27-a0-1497-gf8f22f7954 (webtiles) character file.

Game seed: 13002659668557737407

62 Kinoniko the Chopper (level 3, -2/29 HPs)
             Began as a Demonspawn Berserker on July 7, 2021.
             Was a Believer of Trog.
             Splashed by Ijyb's acid (16 damage)
             ... on level 3 of the Dungeon.
             The game lasted 00:01:50 (2099 turns).

Kinoniko the Chopper (Demonspawn Berserker)         Turns: 2099, Time: 00:01:51

Health: -2/29      AC:  6    Str: 18    XL:     3   Next: 85%
Magic:  3/3        EV:  7    Int:  8    God:    Trog [**....]
Gold:   89         SH:  0    Dex: 18    Spells: 2/2 levels left

rFire    . . .     SeeInvis +   l - +0 broad axe
rCold    . . .     Faith    .   (no shield)
rNeg     . . .     Spirit   .   i - +0 chain mail
rPois    .         Reflect  .   (no helmet)
rElec    .         Harm     .   (no cloak)
rCorr    .         Rampage  .   (no gloves)
Will     .....                  (no boots)
Stlth    ..........             (no amulet)
HPRegen  0.09/turn              b - +6 ring of dexterity
MPRegen  0.08/turn              j - ring of see invisible

@: corroded
A: molten scales 1
a: Renounce Religion, Berserk, Trog's Hand


You were on level 3 of the Dungeon.
You worshipped Trog.
Trog was pleased with you.
You visited 1 branch of the dungeon, and saw 3 of its levels.

You collected 89 gold pieces.

Inventory:

Hand Weapons
 a - a +0 hand axe
 l - a +0 broad axe (weapon)
Armour
 g - a +0 scale mail
 i - a +0 chain mail (worn)
Jewellery
 b - a +6 ring of dexterity (left hand)
 j - a ring of see invisible (right hand)
 m - a ring of poison resistance
Scrolls
 e - a scroll of magic mapping {unknown}
 f - 3 scrolls of identify {unknown}
 h - a scroll of enchant armour {unknown}
Potions
 c - a potion of might {unknown}
 d - 2 potions of mutation {unknown}
 k - a potion of flight {unknown}


   Skills:
 - Level 3.0 Fighting
 * Level 4.4 Axes
 - Level 1.7 Armour
 - Level 1.7 Dodging


You had 2 spell levels left.
You didn't know any spells.
Your spell library was empty.

Dungeon Overview and Level Annotations

Branches:
Dungeon (3/15)

Altars:

Annotations:
D:3 1 runed translucent door, Ijyb


Innate Abilities, Weirdness & Mutations

You are partially covered in molten scales. (AC +2)


Message History

The ball python bites you but does no damage.
The ball python constricts you.
You slash the ball python!
You kill the ball python!
Trog accepts your kill.
No target in view!
No target in view!
No target in view!
You start waiting.
You feel a strong urge to attack something.
You are no longer berserk.
You are exhausted.
You feel yourself slow down.
You start waiting.
You feel yourself speed up.
You start waiting.
You recover from your berserk rage.
You start waiting.
Done waiting.
You see here a +0 broad axe.
l - a +0 broad axe
l - a +0 broad axe (weapon)
Things that are here:
a +0 dagger; 5 stones
Found 21 bolts.
No target in view!
You now have 78 gold pieces (gained 10).
There is a dry fountain here.
You now have 89 gold pieces (gained 11).
m - a ring of poison resistance
Found a scale mail.
Ijyb the Twisted Goblin comes into view.
She is wielding a +0 dagger and carrying a wand of acid (7).
Ijyb shouts!
Ijyb is nearby!
Ijyb is nearby!
Ijyb zaps a wand.
The bolt of acid hits you!
Ouch! That really hurt!
The acid corrodes you!
You are splashed with acid!
Ouch! That really hurt!
You die...

... .⌠. .⌠...⌠...⌠.#
......#.#.#.#.#.#.#.###
........⌠...⌠...⌠....# .
....#.#.#.#.#.#.#.#.#
..###.#.⌠...⌠...⌠...⌠...
......[#.#.#.#.#.#.#.#..
..........⌠...⌠...⌠.....
.......#.#.#.#.#.#.#.#..
.......@⌠...⌠...⌠.(.⌠.##
..g......#.#.#.#.#.#.##
...........###########
...........#
#######....# #....#
#....# ######


You could see Ijyb.

Vanquished Creatures
  An adder (D:2)
  7 bats
  An endoplasm (D:1)
  A giant cockroach (D:1)
  4 goblins
  2 hobgoblins
  13 jackals
  4 kobolds
  A quokka (D:1)
  7 ball pythons
  3 frilled lizards (D:1)
  3 rats (D:1)
47 creatures vanquished.

Notes
Turn   | Place    | Note
-------+----------+-------------------------------------------
     0 | D:1      | Kinoniko the Demonspawn Berserker began the quest for the
                  | Orb.
     0 | D:1      | Reached XP level 1. HP: 18/18 MP: 1/1
    33 | D:1      | Reached skill level 3 in Axes
    47 | D:1      | Gained mutation: You are partially covered in molten
                  | scales. (AC +2) [demonic ancestry]
    47 | D:1      | Reached XP level 2. HP: 16/24 MP: 2/2
   175 | D:1      | Found a faded altar of an unknown god.
   593 | D:1      | Reached ** piety under Trog
   594 | D:1      | Reached XP level 3. HP: 23/29 MP: 3/3
   792 | D:1      | Reached skill level 4 in Axes
  1831 | D:3      | Found a runed translucent door.
  2098 | D:3      | Noticed Ijyb
  2099 | D:3      | Splashed by Ijyb's acid

Illustrated notes

Levels and vault maps discovered:
D:1:      lemuel_arrival_behind_the_door_small, layout_basic,
          chequers_ecumenical_altar_simple
D:2:      layout_basic
D:3:      layout_basic, serial_shops, shop_coins,
          hellmonk_ghost_happy_afterlife, kennysheep_crisscross, uniq_ijyb

Skill      XL: |  1  2  3 |
---------------+----------+-----
Axes           | 3 4 |  4.4
Fighting       | |  3.0
Armour         | |  1.7
Dodging        | |  1.7

Action                   || total
-------------------------++-------
Melee: Hand axe          ||   153
Invok: Berserk           ||     1
Armor: Animal skin       ||    44
       Chain mail        ||    15
       Scale mail        ||     8
Dodge: Dodged            ||   128

Table legend: (Time is in decaauts)
 A = Elapsed time spent in this place.
 B = Non-inter-level travel time spent in this place.
 C = Inter-level travel time spent in this place.
 D = Time resting spent in this place.
 E = Time spent auto-exploring this place.
 F = Levels seen in this place.
 G = Mean time per level.
                   A        B        C        D        E       F      G
               +--------+--------+--------+--------+--------+-----+--------+
         Total |   2125 |   2074 |     51 |    160 |   1566 |   3 |  708.3 |
       Dungeon |   2125 |   2074 |     51 |    160 |   1566 |   3 |  708.3 |
               +--------+--------+--------+--------+--------+-----+--------+

Top non-repeatable levels by time:
     D:1: 1132 daAuts
     D:2: 627 daAuts
     D:3: 365 daAuts
